 Dungeon Crawl Stone Soup version 0.22.0-13-g43fe8f24b8 (webtiles) character file.

417 PikkenKukken the Skirmisher (level 6, -3/48 HPs)
             Began as a Mummy Monk on Aug 15, 2018.
             Was a Believer of Yredelemnul.
             Slain by an ogre
             ... wielding a +0 giant club
              (14 damage)
             ... on level 4 of the Dungeon on Aug 17, 2018.
             The game lasted 00:14:58 (4722 turns).

PikkenKukken the Skirmisher (Mummy Monk)            Turns: 4722, Time: 00:14:59

Health: -3/48      AC:  6    Str: 14    XL:     6   Next: 61%
Magic:  10/10      EV: 11    Int: 11    God:    Yredelemnul [**....]
Gold:   89         SH:  4    Dex: 15    Spells: 10/10 levels left

rFire    x . .     SeeInvis .   g - +0 dagger (venom)
rCold    + . .     Gourm    .   h - +0 buckler
rNeg     + + +     Faith    .   d - +0 ring mail
rPois    ∞         Spirit   .   e - +0 hat
rElec    .         Reflect  .   (no cloak)
rCorr    .         Harm     .   (no gloves)
MR       .....                  f - +0 pair of boots
Stlth    ++........             i - amulet of the acrobat
HPRegen  0.16/turn              (no ring)
MPRegen  0.12/turn              (no ring)

@: no status effects
A: no food or potions, fire vulnerability, cold resistance 1, negative energy
resistance 3, torment resistance, unbreathing
a: Animate Remains, Recall Undead Slaves, Injury Mirror, Renounce Religion


You were on level 4 of the Dungeon.
You worshipped Yredelemnul.
Yredelemnul was pleased with you.
You were not hungry.

You visited 2 branches of the dungeon, and saw 5 of its levels.

You collected 89 gold pieces.

Inventory:

Hand Weapons
 a - a +0 falchion
 g - a +0 dagger of venom (weapon)
Armour
 b - a +0 robe
 d - a +0 ring mail (worn)
 e - a +0 hat (worn)
 f - a +0 pair of boots (worn)
 h - a +0 buckler (worn)
 k - a +0 buckler
Jewellery
 i - an amulet of the acrobat (around neck)
Scrolls
 c - 2 scrolls of blinking


   Skills:
 + Level 4.2 Fighting
 + Level 1.1(2.2) Short Blades
 - Level 3.1(3.2) Long Blades
 - Level 1.0 Armour
 + Level 3.4 Dodging
 - Level 3.0 Stealth
 + Level 1.1 Shields
 + Level 2.6 Spellcasting
 + Level 0.0 Invocations


You had 10 spell levels left.
You didn't know any spells.
Your spell library was empty.

Dungeon Overview and Level Annotations

Branches:
Dungeon (4/15)             Temple (1/1) D:4

Altars:
Ashenzari
Cheibriados
Dithmenos
Elyvilon
Fedhas
Hepliaklqana
Nemelex Xobeh
Okawaru
Qazlal
Ru
Sif Muna
Uskayaw
Vehumet
Wu Jian
Xom
Yredelemnul
Zin

Annotations:
D:3 3 runed doors, Skyreaper23's ghost, amateur CeAM
D:4 Sigmund


Innate Abilities, Weirdness & Mutations

You do not eat or drink.
Your flesh is vulnerable to fire.
You are immune to poison.
Your flesh is cold resistant. (rC+)
You are immune to negative energy. (rN+++)
You are immune to unholy pain and torment.
You can survive without breathing.


Message History

The ogre is lightly wounded.
The ogre hits you with a giant club!!
You see here a hunting sling.
There is a stone staircase leading down here.
The ogre looks more healthy.
You hit the ogre but do no damage.
The ogre is poisoned.
The ogre is moderately wounded.
The ogre hits you with a giant club!!
* * * LOW HITPOINT WARNING * * *
The ogre looks more healthy.
Things that are here:
a hand axe; an orc skeleton x2
There is a stone staircase leading up here.
You hit the ogre.
The ogre is severely wounded.
You hit the ogre.
The ogre is poisoned.
The ogre is almost dead.
The ogre hits you with a giant club!
You die...
Yredelemnul claims you as an undead slave.

#...............#
###############.#
#.# #.# #####.#
#...#.# #..##.#
#)O.))# #@###.#
### ###


You could see an ogre.

Vanquished Creatures
  An ogre (D:4)
  A hound (D:4)
  2 orc priests (D:4)
  An orc wizard (D:2)
  A worker ant (D:4)
  4 gnolls
  6 adders
  An ooze (D:2)
  4 worms
  2 dart slugs (D:2)
  4 leopard geckos
  7 orcs
  3 giant cockroaches
  4 goblins
  3 hobgoblins
  2 jackals (D:3)
  5 kobolds
  2 quokkas (D:3)
  2 ball pythons
  12 bats
  4 frilled lizards
  2 jackal skeletons (D:4)
  5 rats
78 creatures vanquished.

Notes
Turn   | Place    | Note
-------+----------+-------------------------------------------
     0 | D:1      | PikkenKukken the Mummy Monk began the quest for the Orb.
     0 | D:1      | Reached XP level 1. HP: 18/18 MP: 1/1
   208 | D:1      | Reached XP level 2. HP: 19/24 MP: 2/2
   799 | D:2      | Reached XP level 3. HP: 28/29 MP: 3/3
   861 | D:2      | Reached skill level 1 in Armour
  1395 | D:2      | Found a shimmering altar of Xom.
  1400 | D:2      | Found a deep blue altar of Sif Muna.
  1480 | D:2      | Found an iron altar of Okawaru.
  1483 | D:2      | Found a glowing silver altar of Zin.
  1529 | D:2      | Found a blossoming altar of Fedhas.
  1820 | D:2      | Reached XP level 4. HP: 21/35 MP: 3/5
  2181 | D:3      | Reached skill level 1 in Spellcasting
  2482 | D:3      | Noticed Skyreaper23's ghost (amateur CeAM)
  2912 | D:2      | Reached XP level 5. HP: 35/42 MP: 7/7
  3159 | D:3      | Found a runed gate.
  3161 | D:3      | Found a runed gate.
  3161 | D:3      | Found a runed gate.
  3504 | D:4      | Found a staircase to the Ecumenical Temple.
  3514 | Temple   | Entered the Ecumenical Temple
  3715 | Temple   | Became a worshipper of Yredelemnul the Dark
  3715 | Temple   | Reached * piety under Yredelemnul
  3715 | Temple   | Reached ** piety under Yredelemnul
  3759 | D:4      | Noticed Sigmund
  3761 | D:4      | Upgraded the game from 0.22.0-6-g71bd7aa6b3 to 0.22.0-13-g43fe8f24b8
  4332 | D:4      | Reached skill level 4 in Fighting
  4336 | D:4      | Reached XP level 6. HP: 44/48 MP: 9/9
  4428 | D:4      | Found a shadowy altar of Dithmenos.
  4437 | D:4      | Found a snail-covered altar of Cheibriados.
  4570 | D:4      | Reached skill level 1 in Short Blades
  4570 | D:4      | Reached skill level 1 in Shields
  4722 | D:4      | Slain by an ogre

Skill      XL: |  1  2  3  4  5  6 |
---------------+-------------------+-----
Armour         | 1 |  1.0
Stealth        | 2 3 |  3.0
Spellcasting   | 1 2 |  2.6
Long Blades    | 3 |  3.1
Dodging        | 3 |  3.4
Fighting       | 4 |  4.2
Short Blades   | 1 |  1.1
Shields        | 1 |  1.1

Action                   |  1- 3 |  4- 6 || total
-------------------------+-------+-------++-------
Melee: Falchion          |   111 |    96 ||   207
       Dagger            |       |   116 ||   116
  Use: Scroll            |       |     4 ||     4
 Stab: Sleeping          |     2 |     2 ||     4
Armor: Robe              |     3 |       ||     3
       Ring mail         |    44 |    57 ||   101
Dodge: Dodged            |    77 |   119 ||   196
Block: Buckler           |       |    19 ||    19
       Rpst.: Falchion   |    29 |    22 ||    51
